 Dungeon Crawl Stone Soup version 0.19-a0-1013-g40768a3 (console) character file.

1687 brucemayne the Cleaver (level 8, -1/57 HPs)
             Began as a Vampire Berserker on July 24, 2016.
             Was an Elder of Trog.
             Killed by divine providence
             ... invoked by a mad acolyte of Lugonu
              (12 damage)
             ... on level 4 of the Abyss.
             The game lasted 00:13:14 (2199 turns).

brucemayne the Cleaver (Vampire Berserker)          Turns: 2199, Time: 00:13:15

Health: -1/57      AC: 14    Str: 23    XL:     8   Next: 71%
Magic:  26/26      EV:  9    Int: 13    God:    Trog [****..]
Gold:   108        SH:  2    Dex: 13    Spells: 0 memorised, 7 levels left

rFire  . . .     SeeInvis +     a - +0 hand axe
rCold  . . .     Gourm    .     h - +5 chain mail of Monotheism {MP+9 Int+3}
rNeg   + . .     Faith    .     (no shield)
rPois  .         Spirit   .     (no helmet)
rElec  .         Dismiss  .     (no cloak)
rCorr  .         Reflect  +     (no gloves)
SustAt .         Harm     .     d - +0 pair of boots
MR     ++...                    w - +2 amulet of reflection
Stlth  ..........               (no ring)
                                o - ring of magical power

@: mighty, mesmerised, regenerating, very resistant to hostile enchantments,
extremely unstealthy
A: fangs 3, see invisible, unbreathing
a: Bat Form, Berserk, Trog's Hand, Brothers in Arms, Burn Spellbooks, Renounce
Religion


You were on level 4 of the Abyss.
You worshipped Trog.
Trog was greatly pleased with you.
You were not thirsty.

You visited 1 branch of the dungeon, and saw 7 of its levels.
You visited the Abyss 1 time.
You also visited: Sewer.

You collected 152 gold pieces.
You spent 44 gold pieces at shops.

Inventory:

Hand Weapons
 a - a +0 hand axe (weapon)
 e - a +1 short sword of venom
 g - a +0 dagger of holy wrath
 s - a +0 hand axe of distortion
 u - a +0 dagger of protection
Missiles
 z - a throwing net (quivered)
Armour
 b - a +0 animal skin
 d - a +0 pair of boots (worn)
 f - a +1 chain mail of fire resistance
 h - the +5 chain mail of Monotheism (worn) {MP+9 Int+3}
   (You found it on level 5 of the Dungeon)

   It affects your intelligence (+3).
   It affects your magic capacity (+9).
 j - a +0 leather armour
 k - a +0 ring mail
 t - a +0 scale mail
Jewellery
 o - a ring of magical power (left hand)
 w - a +2 amulet of reflection (around neck)
Wands
 q - a wand of confusion (12/48)
Scrolls
 p - 4 scrolls of fog
 v - a scroll of noise
Potions
 c - 13 potions of blood
 l - 3 potions of curing
 n - a potion of might
 r - a potion of magic
Books
 i - a book of Debilitation

   Spells                             Type                      Level
   a - Corona                         Hexes                        1
   b - Slow                           Hexes                        2
   c - Gell's Gravitas                Hexes/Translocation          3
   d - Inner Flame                    Hexes/Fire                   3
   e - Cause Fear                     Hexes                        4
   f - Leda's Liquefaction            Hexes/Earth                  4
   Trog disapproves of the use of such an item.


   Skills:
 - Level 2.6 Fighting
 + Level 10.5 Axes
 - Level 1.5 Armour
 - Level 2.1 Dodging


You had 7 spell levels left.
You didn't know any spells.

Dungeon Overview and Level Annotations

Branches:
Dungeon (7/15)
 Temple: D:4-7

Altars:

Shops:
D:5 !


Innate Abilities, Weirdness & Mutations

You have razor-sharp teeth.
You have supernaturally acute eyesight. (SInv)
You can survive without breathing.


Message History

You block the starspawn tentacle's attack.
The mad acolyte of Lugonu points at you and mumbles some strange words.
Something smites you!
* * * LOW HITPOINT WARNING * * *
The merfolk avatar chants its luring song.
You see a puff of smoke.
A tentacle flies out from the starspawn's body!
The lurking horror explodes!
Your body is wracked with pain!
* * * LOW HITPOINT WARNING * * *
The merfolk avatar convulses!
The blink frog convulses!
The mad acolyte of Lugonu convulses! x2; The blink frog blinks!
A starspawn tentacle comes into view.
Unknown command.
Unknown command.
You see a puff of smoke.
The merfolk avatar chants its luring song.
The mad acolyte of Lugonu points at you and mumbles some strange words.
Something smites you!
You die...

.......#.... . . .
....#........... .
#........... ... . #
#. #...#.. ... . .# .
...... . #
#..#........## ##..
#p###########†........
#≈#≈#≈##≈#..# .# ..
##+....ΛF@...#§......
##.#.#.X.w≈#.#### .#
F. φ##.._wp≈m≈.≈# ..#
. ##X#.#...≈≈#.## ....
##X..........# .....
#≈#≈#≈##≈#..# ##.
#p###########'.# .. ##
..... ...


You could see a starcursed mass (inner flame), a tentacled starspawn (inner
flame), a merfolk avatar (inner flame), a mad acolyte of Lugonu (inner flame), a
blink frog (inner flame) and 2 starspawn tentacles.

Vanquished Creatures
  3 blink frogs (Abyss:4)
  2 ogres (D:6)
  A centaur (D:6)
  A big kobold (D:4)
  3 giant frogs
  A quasit (D:6)
  2 orc priests
  A giant frog skeleton (D:5)
  4 orc wizards
  Jessica (D:2)
  An iguana (D:4)
  3 worker ants
  A hound zombie (D:6)
  14 adders
  A howler monkey skeleton (D:6)
  4 river rats (Sewer)
  A shadow imp (D:5)
  A dart slug (D:2)
  8 orcs
  9 ball pythons (Sewer)
  2 giant cockroaches
  3 goblins
  3 hobgoblins
  6 jackals
  3 quokkas
  4 bats
  4 giant newts
  22 kobolds
  A quokka zombie (D:6)
  27 rats
137 creatures vanquished.

Vanquished Creatures (others)
  A lurking horror (Abyss:4)
  3 plants (D:4)
  A starspawn tentacle (Abyss:4)
  52 starspawn tentacle segments (Abyss:4)
57 creatures vanquished.

Grand Total: 194 creatures vanquished

Notes
Turn   | Place    | Note
-------+----------+-------------------------------------------
     0 | D:1      | brucemayne the Vampire Berserker began the quest for the Orb.
     0 | D:1      | Reached XP level 1. HP: 17/17 MP: 1/1
   156 | D:1      | Reached skill level 3 in Axes
   233 | D:1      | Reached XP level 2. HP: 18/23 MP: 2/2
   252 | D:2      | Noticed Jessica
   269 | D:2      | Killed Jessica
   269 | D:2      | Reached XP level 3. HP: 22/28 MP: 3/3
   289 | D:2      | Reached skill level 4 in Axes
   396 | D:3      | Reached XP level 4. HP: 33/34 MP: 4/4
   405 | D:3      | Reached ** piety under Trog
   410 | D:3      | Reached skill level 5 in Axes
   584 | D:4      | Noticed a big kobold
   624 | D:4      | Killed a big kobold
   624 | D:4      | Reached XP level 5. HP: 30/39 MP: 5/5
   767 | D:4      | Found a glowing drain.
   772 | Sewer    | Entered a sewer
   815 | Sewer    | Reached *** piety under Trog
   815 | Sewer    | Reached skill level 6 in Axes
   866 | Sewer    | Reached XP level 6. HP: 12/46 MP: 6/6
  1029 | Sewer    | Reached skill level 7 in Axes
  1143 | D:4      | Reached XP level 7. HP: 33/51 MP: 7/7
  1273 | D:4      | Reached **** piety under Trog
  1372 | D:5      | Entered Level 5 of the Dungeon
  1384 | D:5      | Reached skill level 8 in Axes
  1562 | D:6      | Identified a scroll of acquirement
  1690 | D:5      | Got a translucent chain mail
  1792 | D:5      | Found Ipooseag's Distillery.
  1802 | D:5      | Bought a potion of might for 44 gold pieces
  1917 | D:6      | Reached skill level 9 in Axes
  1917 | D:6      | Reached XP level 8. HP: 38/57 MP: 8/8
  2026 | D:7      | Identified the +5 chain mail of Monotheism {MP+9 Int+3} (You found it on level 5 of the Dungeon)
  2059 | D:7      | Cast into level 2 of the Abyss (a distortion unwield)
  2096 | Abyss:2  | Noticed a naga warrior
  2103 | Abyss:3  | Noticed a thrashing horror
  2103 | Abyss:3  | Noticed a thrashing horror
  2110 | Abyss:3  | Noticed an ancient zyme
  2128 | Abyss:3  | Noticed a bone dragon
  2149 | Abyss:4  | Noticed an ancient zyme
  2156 | Abyss:4  | Noticed a blink frog
  2156 | Abyss:4  | Noticed a blink frog
  2156 | Abyss:4  | Noticed a blink frog
  2156 | Abyss:4  | Noticed a blink frog
  2158 | Abyss:4  | Noticed a mad acolyte of Lugonu
  2167 | Abyss:4  | Killed a blink frog
  2168 | Abyss:4  | Killed a blink frog
  2168 | Abyss:4  | Reached skill level 10 in Axes
  2171 | Abyss:4  | Killed a blink frog
  2183 | Abyss:4  | Found a corrupted altar of Lugonu.
  2185 | Abyss:4  | Noticed a merfolk avatar
  2190 | Abyss:4  | Noticed a mad acolyte of Lugonu
  2190 | Abyss:4  | Noticed a thrashing horror
  2190 | Abyss:4  | Noticed a tentacled starspawn
  2191 | Abyss:4  | Noticed a starcursed mass
  2192 | Abyss:4  | Noticed a mad acolyte of Lugonu
  2199 | Abyss:4  | Killed from afar by a mad acolyte of Lugonu

Vault maps used:
D:1:      nicolae_arrival_memento_mori, item_on_display_a
D:2:      nicolae_gozag_zags_fifth_avenue, uniq_jessica
D:3:      gammafunk_temple_overflow_pools, first_bread
D:4:      kennysheep_kobold_camp, lightli_sewer_entry_pipes, uniq_robin
D:5:      serial_shops, nicolae_shop_trees, hangedman_abyss_or_decor_slice,
          kennysheep_generic_room_8
D:6:      lightli_minifort
D:7:      serial_shops, shop, tso_metal_star
Abyss:4:  evilmike_abyss_exit_1, evilmike_abyss_exit_16,
          evilmike_abyss_rune_siren_acolytes
Sewer:    sewer_minmay_w

Skill      XL: |  1  2  3  4  5  6  7  8 |
---------------+-------------------------+-----
Axes           | 3 4 5 6 7 9 10 | 10.5
Fighting       | |  2.6
Armour         | |  1.5
Dodging        | |  2.1

Action                   |  1- 3 |  4- 6 |  7- 9 || total
-------------------------+-------+-------+-------++-------
Melee: Hand axe          |    45 |   182 |   167 ||   394
       Bite              |     1 |    11 |    16 ||    28
Invok: Berserk           |     1 |     3 |     5 ||     9
       Trog's Hand       |       |     6 |     4 ||    10
 Abil: End Transformatio |       |       |     2 ||     2
       Bat Form          |       |       |     2 ||     2
  Use: Potion            |     2 |    14 |    11 ||    27
       Scroll            |       |       |    12 ||    12
Armor: Animal skin       |     9 |       |       ||     9
       Leather armour    |     1 |     2 |       ||     3
       Ring mail         |       |    88 |       ||    88
       Scale mail        |       |       |    32 ||    32
       Chain mail        |       |       |    37 ||    37
Dodge: Dodged            |    31 |   176 |    97 ||   304
Block: Other             |       |       |     5 ||     5
